 Dungeon Crawl Stone Soup version 0.25-a0-781-gc44aebf4fe (webtiles) character file.

Game seed: 13390423774258739533, levelgen mode: deterministic

12355 Geomchi the Tainter (level 11, 0/111 HPs)
             Began as a Naga Venom Mage on Apr 15, 2020.
             Was an Elder of Vehumet.
             Slain by a spiny frog (22 damage)
             ... on level 2 of the Lair of Beasts.
             The game lasted 00:30:54 (17786 turns).

Geomchi the Tainter (Naga Venom Mage)              Turns: 17786, Time: 00:30:55

Health: 0/111      AC:  8    Str: 13    XL:     11   Next: 92%
Magic:  6/18       EV: 12    Int: 19    God:    Vehumet [****..]
Gold:   654        SH:  3    Dex: 11    Spells: 3/20 levels left

rFire    + . .     SeeInvis +   e - +1 halberd (protect)
rCold    . . .     Gourm    .   (shield currently unavailable)
rNeg     . . .     Faith    .   q - +0 robe
rPois    +         Spirit   .   y - +2 helmet of Tuilit {Str+2}
rElec    .         Reflect  +   v - +0 cloak
rCorr    .         Harm     .   (no gloves)
MR       +....                  (no barding)
Stlth    ++........             j - +3 amulet of reflection
HPRegen  0.28/turn              l - ring of protection from fire
MPRegen  0.16/turn              (no ring)

@: very slightly contaminated, very slow
A: large, see invisible, deformed body, poison resistance, slowness 2, slow
metabolism 1, spit poison 1, AC +3
a: Spit Poison, Renounce Religion


You were on level 2 of the Lair of Beasts.
You worshipped Vehumet.
Vehumet was greatly pleased with you.
You were not hungry.

You visited 3 branches of the dungeon, and saw 14 of its levels.

You collected 654 gold pieces.

Inventory:

Hand Weapons
 e - a +1 halberd of protection (weapon)
 p - a +2 whip of freezing
 B - a +4 trident
Armour
 q - a +0 robe (worn)
 v - a +0 cloak (worn)
 y - the +2 helmet of Tuilit (worn) {Str+2}
   (You found it on level 10 of the Dungeon)

   It affects your strength (+2).
Jewellery
 j - a +3 amulet of reflection (around neck)
 l - a ring of protection from fire (left hand)
Wands
 b - a wand of polymorph (16)
 d - a wand of acid (5)
 D - a wand of random effects (20)
Scrolls
 f - 7 scrolls of remove curse
 h - a scroll of holy word
 k - 2 scrolls of identify
 r - 2 scrolls of fog
 s - a scroll of silence
 x - 3 scrolls of enchant weapon
 z - a scroll of teleportation
 A - a scroll of amnesia
Potions
 a - 7 potions of curing
 g - a potion of magic
 i - 2 potions of might
 m - 2 potions of haste
 n - 3 potions of stabbing
 o - a potion of mutation
 t - a potion of heal wounds
 u - a potion of cancellation
 w - a potion of brilliance
Comestibles
 c - 8 rations


   Skills:
 + Level 11.3 Fighting
 - Level 3.5 Maces & Flails
 - Level 1.2 Polearms
 - Level 6.0 Dodging
 - Level 3.0 Stealth
 - Level 5.0 Spellcasting
 + Level 5.7 Conjurations
 - Level 1.0 Transmutations
 * Level 3.0 Fire Magic
 - Level 2.0 Air Magic
 - Level 12.0 Poison Magic


You had 3 spell levels left.
You knew the following spells:

 Your Spells              Type           Power        Failure   Level  Hunger
a - Sting                 Tmut/Pois      ####         1%          1    None
b - Poisonous Vapours     Pois/Air       ####..       1%          2    #......
c - Mephitic Cloud        Conj/Pois/Air  ####....     1%          3    ##.....
d - Olgreb's Toxic Radia  Pois           ######..     1%          4    ####...
f - Fireball              Conj/Fire      ###.......   16%         5    ######.
m - Magic Dart            Conj           ####         1%          1    None
n - Foxfire               Conj/Fire      ###.         1%          1    None

Your spell library contained the following spells:

 Spells                   Type           Power        Failure   Level  Hunger
 Ignite Poison            Fire/Tmut/Pois ####....     1%          3    ##.....


Dungeon Overview and Level Annotations

Branches:
Dungeon (11/15)            Temple (1/1) D:4            Lair (2/6) D:10
    Orc (0/2) D:9
  Swamp: Lair:2-4    Shoals: Lair:2-4     Snake: Lair:2-4    Spider: Lair:2-4

Altars:
Ashenzari
Cheibriados
Dithmenos
Elyvilon
Fedhas
Gozag
Hepliaklqana
Kikubaaqudgha
Makhleb
Nemelex Xobeh
Okawaru
Qazlal
Ru
Sif Muna
Trog
Uskayaw
Vehumet
Wu Jian
Xom
Yredelemnul
Zin
The Shining One
Beogh

Annotations:
D:2 Sigmund
D:7 3 runed translucent doors, paps's ghost, novice OpFi
D:10 exclusion: gargoyle


Innate Abilities, Weirdness & Mutations

You cannot wear boots.
Your serpentine skin is tough. (AC +3)
You have supernaturally acute eyesight. (SInv)
Armour fits poorly on your strangely shaped body.
Your system is resistant to poisons. (rPois)
You cover ground very slowly.
You have a slow metabolism.
You can spit poison.


Message History

You are too injured to fight recklessly!
You are too injured to fight recklessly!
You are too injured to fight recklessly!
You are too injured to fight recklessly!
You slash the spiny frog!
Your weapon exudes an aura of protection.
The spiny frog stings you!!
* * * LOW HITPOINT WARNING * * *
You are lethally poisoned!
The spiny frog poisons you!
The spiny frog stings you but does no damage.
You take 17 damage, and have 12/111 hp.
You feel better.
The spiny frog stings you but does no damage.
You regained 9 hp, and now have 21/111 hp.
You barely miss the spiny frog. The spiny frog misses you.
The spiny frog stings you but does no damage.
You barely miss the spiny frog. The spiny frog closely misses you.
The spiny frog stings you!!
You die...

......
.......^...#
..........##
##.........P#
##...........#
##...........#
#P.÷....^....##
##÷F..........#
##@÷..........#
#.#...........#
###...........#
#...........#
#............#
#............#
##...........#
#....#.#....#
##... .....##


You could see a spiny frog.

Vanquished Creatures
  A two-headed ogre (D:10)
  Erica (D:8)
  Psyche (D:8)
  A gargoyle (D:10)
  A spiny frog (Lair:1)
  A komodo dragon (Lair:1)
  2 trolls
  A hornet (D:10)
  2 hippogriffs (Lair:1)
  A wraith (D:10)
  5 yaks (D:7)
  4 humans (D:8)
  Grum (Lair:1)
  5 water moccasins
  10 porcupines
  7 orc warriors
  4 black bears (D:10)
  2 ice beasts (D:7)
  3 sky beasts
  An eye of draining (D:10)
  4 ogres
  A phantom (D:9)
  2 centaurs
  14 wolves
  4 crocodiles
  A big kobold (D:9)
  8 bullfrogs
  3 howler monkeys (D:10)
  2 crimson imps
  2 quasits
  3 hounds
  2 jellies
  11 orc wizards
  6 orc priests
  A bullfrog skeleton (D:5)
  An iron imp (D:9)
  2 centaur skeletons
  Ijyb (D:3)
  3 iguanas
  6 worker ants
  4 hound skeletons
  3 hound zombies
  4 worker ant zombies
  18 adders
  An ooze (D:3)
  3 adder skeletons
  2 adder zombies
  2 worms (D:2)
  3 dart slugs
  6 leopard geckos
  36 orcs
  4 giant cockroaches
  6 goblins
  7 hobgoblins
  15 jackals
  16 kobolds
  6 quokkas
  3 ball pythons
  6 bats
  10 frilled lizards
  A giant cockroach zombie (D:5)
  A jackal skeleton (D:8)
  2 leopard gecko skeletons (D:5)
  2 leopard gecko zombies (D:5)
  2 quokka skeletons (D:5)
  4 rats
298 creatures vanquished.

Vanquished Creatures (others)
  143 foxfires
  59 fungi
  20 plants
222 creatures vanquished.

Grand Total: 520 creatures vanquished

Notes
Turn   | Place    | Note
-------+----------+-------------------------------------------
     0 | D:1      | Geomchi the Naga Venom Mage began the quest for the Orb.
     0 | D:1      | Reached XP level 1. HP: 15/15 MP: 3/3
   552 | D:1      | Reached XP level 2. HP: 24/24 MP: 1/5
   678 | D:1      | Learned a level 2 spell: Poisonous Vapours
   921 | D:2      | Reached skill level 1 in Fighting
   962 | D:2      | Found a sparkling altar of Nemelex Xobeh.
  1205 | D:2      | Reached XP level 3. HP: 19/31 MP: 0/6
  1343 | D:2      | Learned a level 3 spell: Mephitic Cloud
  1817 | D:2      | Noticed Sigmund
  1847 | D:3      | Found a white marble altar of Elyvilon.
  1980 | D:3      | Found an ancient bone altar of Kikubaaqudgha.
  1998 | D:3      | Reached XP level 4. HP: 38/38 MP: 1/7
  2074 | D:3      | Found a hide-covered altar of Uskayaw.
  2081 | D:3      | Reached skill level 1 in Maces & Flails
  2081 | D:3      | Reached skill level 1 in Conjurations
  2558 | D:3      | Reached skill level 5 in Poison Magic
  2558 | D:3      | Reached XP level 5. HP: 20/45 MP: 1/9
  2611 | D:3      | Found a hazy altar of Hepliaklqana.
  2938 | D:3      | Noticed Ijyb
  2954 | D:3      | Killed Ijyb
  3289 | D:3      | Learned a level 4 spell: Olgreb's Toxic Radiance
  3768 | D:4      | Reached XP level 6. HP: 47/55 MP: 3/10
  3884 | D:4      | Found a staircase to the Ecumenical Temple.
  3900 | Temple   | Entered the Ecumenical Temple
  4134 | Temple   | Became a worshipper of Vehumet
  4330 | D:4      | Reached skill level 1 in Air Magic
  4495 | D:4      | Noticed a phantom
  5355 | D:5      | Entered Level 5 of the Dungeon
  5724 | D:5      | Reached skill level 6 in Poison Magic
  5868 | D:5      | Reached XP level 7. HP: 27/62 MP: 7/11
  5892 | D:5      | Reached * piety under Vehumet
  5892 | D:5      | Offered knowledge of Foxfire by Vehumet.
  5895 | D:5      | Learned a level 1 spell: Foxfire
  6606 | D:5      | Reached skill level 7 in Poison Magic
  7070 | D:5      | Found a blossoming altar of Fedhas.
  7255 | D:5      | Found a shimmering blue altar of Sif Muna.
  8089 | D:6      | Found a glowing silver altar of Zin.
  8090 | D:6      | Found a snail-covered altar of Cheibriados.
  8096 | D:6      | Reached skill level 1 in Fire Magic
  8096 | D:6      | Reached XP level 8. HP: 63/73 MP: 9/12
  8403 | D:7      | Reached skill level 5 in Fighting
  8403 | D:7      | Reached skill level 8 in Poison Magic
  8580 | D:7      | Found a runed translucent gate.
  8580 | D:7      | Found a runed translucent gate.
  8582 | D:7      | Found a runed translucent gate.
  8585 | D:7      | Noticed paps's ghost (novice OpFi)
  8685 | D:7      | Reached skill level 1 in Polearms
  8764 | D:7      | Noticed a yak
  8764 | D:7      | Noticed a yak
  8765 | D:7      | Noticed a yak
  8767 | D:7      | Noticed a yak
  8770 | D:7      | Noticed a yak
  8775 | D:7      | Killed a yak
  8781 | D:7      | Killed a yak
  8781 | D:7      | Reached skill level 9 in Poison Magic
  8784 | D:7      | Killed a yak
  8784 | D:7      | Reached ** piety under Vehumet
  8784 | D:7      | Offered knowledge of Magic Dart by Vehumet.
  8787 | D:7      | Killed a yak
  8787 | D:7      | Reached XP level 9. HP: 46/85 MP: 0/13
  8793 | D:7      | Reached skill level 10 in Poison Magic
  9243 | D:7      | Learned a level 1 spell: Magic Dart
 10414 | D:8      | Noticed Erica
 10430 | D:8      | Killed Erica
 10430 | D:8      | Reached skill level 11 in Poison Magic
 10430 | D:8      | Reached XP level 10. HP: 52/96 MP: 5/16
 10615 | D:8      | Offered knowledge of Dazzling Flash by Vehumet.
 10793 | D:8      | Reached skill level 5 in Conjurations
 10926 | D:8      | Noticed Psyche
 10932 | D:8      | Killed Psyche
 11060 | D:8      | Reached skill level 5 in Spellcasting
 11727 | D:9      | Found a staircase to the Orcish Mines.
 11735 | D:9      | Found a roughly hewn altar of Beogh.
 11738 | D:9      | Reached *** piety under Vehumet
 12740 | D:9      | Reached skill level 12 in Poison Magic
 13042 | D:9      | Identified the cursed +0 leather armour of Ashenzari's
                  | Delight {rF- rCorr Str+2 SInv}
 13229 | D:10     | Entered Level 10 of the Dungeon
 13238 | D:10     | Offered knowledge of Airstrike by Vehumet.
 14069 | D:10     | Noticed a two-headed ogre
 14072 | D:10     | Reached XP level 11. HP: 83/108 MP: 4/18
 14083 | D:10     | Reached skill level 10 in Fighting
 14512 | D:10     | Found a staircase to the Lair.
 14515 | D:10     | Got a pitted helmet
 14518 | D:10     | Reached skill level 5 in Dodging
 14524 | D:10     | Identified the +2 helmet of Tuilit {Str+2} (You found it on
                  | level 10 of the Dungeon)
 14735 | D:10     | Killed a two-headed ogre
 15233 | Lair:1   | Entered Level 1 of the Lair of Beasts
 15626 | Lair:1   | Noticed Grum
 15636 | Lair:1   | Killed Grum
 15790 | Lair:1   | Reached **** piety under Vehumet
 16885 | Lair:1   | Offered knowledge of Fireball by Vehumet.
 16949 | Lair:1   | Learned a level 5 spell: Fireball
 17356 | Lair:2   | Noticed a seven-headed hydra
 17786 | Lair:2   | Slain by a spiny frog

Levels and vault maps discovered:
D:1:      mrwooster_arrival_arrow, layout_basic
D:2:      layout_basic, nemelex_xobeh_ov_fountains_minmay, uniq_sigmund
D:3:      minmay_bubble_buster, layout_loops_corners,
          eat_drink_and_be_merry_uskayaw, nicolae_overflow_crystal_walls,
          elyvilon_altar_4, marbit_many_paths, minivault_27, uniq_ijyb
D:4:      layout_basic, minmay_temple_entry_glass, first_ration
D:5:      layout_rooms, fedhas_altar_1, tgw_sif, serial_undead, serial_undead_a,
          serial_undead_f, serial_undead_e, serial_undead_d, serial_undead_d,
          minmay_misc_feat_rugged
D:6:      layout_loops_corners, minitemple
D:7:      layout_rooms, gammafunk_ghost_necromancy
D:8:      layout_gridville, serial_glass, glass_columns_a, glass_columns_a,
          minmay_ruffians, uniq_erica, uniq_psyche
D:9:      layout_stronghold, minmay_orc_entry_temple_small
D:10:     layout_loops_ring, due_lair_maze_entry_diamond
D:11:     layout_rooms, portal_ice_cave_entry_imps, hangedman_pestilent_swarm
Temple:   nicolae_temple_figure_eight
Lair:1:   layout_regular_city, grunt_megastairs_2, infiniplex_staircase_pool,
          uniq_grum
Lair:2:   layout_hall_layers, minmay_snake_entry_six_corridors,
          fungi_pond_lemuel

Skill      XL: |  1  2  3  4  5  6  7  8  9 10 11 |
---------------+----------------------------------+-----
Fighting       | 1 2 3 4 6 8 9 11 | 11.3
Maces & Flails | 1 3 |  3.5
Conjurations   | 1 2 3 4 5 |  5.7
Poison Magic   | 5 6 7 9 11 12 | 12.0
Spellcasting   | 3 4 5 |  5.0
Air Magic      | 2 |  2.0
Fire Magic     | 1 2 3 |  3.0
Polearms       | 1 |  1.2
Dodging        | 4 6 |  6.0
Stealth        | |  3.0
Transmutations | |  1.0

Action                   |  1- 3 |  4- 6 |  7- 9 | 10-12 || total
-------------------------+-------+-------+-------+-------++-------
Melee: Spear             |    19 |       |       |       ||    19
       Unarmed           |     1 |       |       |       ||     1
       Whip              |     6 |   136 |    66 |       ||   208
       Halberd           |       |       |    79 |   237 ||   316
       Trident           |       |       |       |     7 ||     7
 Cast: Sting             |    54 |    60 |    40 |    93 ||   247
       Poisonous Vapours |     4 |    15 |    16 |    31 ||    66
       Mephitic Cloud    |       |     4 |     3 |    17 ||    24
       Foxfire           |       |       |    50 |    34 ||    84
       Olgreb's Toxic Ra |       |       |    13 |    38 ||    51
       Magic Dart        |       |       |    14 |    73 ||    87
       Fireball          |       |       |       |     5 ||     5
 Abil: Spit Poison       |       |     1 |       |       ||     1
Evoke: Wand              |       |       |     2 |     4 ||     6
  Use: Scroll            |       |     4 |    10 |     7 ||    21
       Potion            |       |     2 |     4 |     5 ||    11
 Stab: Sleeping          |     1 |     1 |     2 |     2 ||     6
       Confused          |       |     1 |     2 |     2 ||     5
  Eat: Chunk             |     3 |    10 |    12 |    18 ||    43
       Ration            |       |       |     1 |     3 ||     4
Armor: Robe              |     8 |    36 |    95 |   143 ||   282
       Skin              |       |       |     3 |       ||     3
Dodge: Dodged            |    20 |    94 |   140 |   272 ||   526
Block: Other             |     4 |    14 |    33 |    51 ||   102
       Reflection        |       |       |       |     1 ||     1

Table legend:
 A = Non-vault XP
 B = Vault XP
 C = Vault XP percentage of total XP
 D = Non-vault monster count
 E = Vault monster count
 F = Vault count percentage of total count
                 A         B        C        D         E       F
            +---------+---------+-------+---------+---------+-------
      Total |   12044 |    5606 |  31.8 |     233 |      65 |  21.8
            +---------+---------+-------+---------+---------+-------
        D:1 |      10 |       0 |   0.0 |       7 |       0 |   0.0
        D:2 |      54 |       0 |   0.0 |      19 |       0 |   0.0
        D:3 |     138 |     102 |  42.5 |      26 |      11 |  29.7
        D:4 |     118 |       0 |   0.0 |      16 |       0 |   0.0
        D:5 |     442 |     201 |  31.3 |      23 |      16 |  41.0
        D:6 |     160 |       0 |   0.0 |      10 |       0 |   0.0
        D:7 |    2106 |       0 |   0.0 |      24 |       0 |   0.0
        D:8 |     532 |    2151 |  80.2 |      16 |       6 |  27.3
        D:9 |    1359 |     263 |  16.2 |      36 |       6 |  14.3
       D:10 |    3546 |    1292 |  26.7 |      31 |      10 |  24.4
     Lair:1 |    1968 |    1387 |  41.3 |      12 |       9 |  42.9
     Lair:2 |    1611 |     210 |  11.5 |      13 |       7 |  35.0
            +---------+---------+-------+---------+---------+-------
